 Dungeon Crawl Stone Soup version 0.31.0-11-ge490571c62 (console) character file.

Game seed: 6283425875497723323

30573 lynnlei the Summoner (level 13, -20/65 HPs)
             Began as a Felid Summoner on Feb 7, 2024.
             Was an Elder of Kikubaaqudgha.
             Killed from afar by an acid blob (34 damage)
             ... with a splash of acid
             ... on level 4 of the Lair of Beasts.
             The game lasted 01:09:45 (15008 turns).

lynnlei the Summoner (Felid Summoner)              Turns: 15008, Time: 01:09:46

Health: -20/65     AC: -1    Str:  4    XL:     13   Next: 21%
Magic:  11/27      EV: 28    Int: 23    God:    Kikubaaqudgha [****..]
Gold:   266        SH:  0    Dex: 18    Spells: 3/31 levels left
                                        Lives:  0   Deaths: 4

rFire   . . .        (weapon unavailable)
rCold   + . .        (shield unavailable)
rNeg    . . .        (body armour unavailable)
rPois   +            (helmet unavailable)
rElec   .            (cloak unavailable)
rCorr   .            (gloves unavailable)
SInv    +            (boots unavailable)
Will    +....        c - amulet of regeneration
Stlth   ++++         t - ring of poison resistance
HPRegen 1.10/turn    z - +5 ring of evasion
MPRegen 0.20/turn

%: no passive effects
@: corroded, on blink cooldown, inugami summoned
A: very small, claws 1, fangs 3, see invisible, shaggy fur 3, stealthy paws, no
weapons or thrown items, no armour, multi-lived
a: Renounce Religion, Unearth Wretches


You were on level 4 of the Lair of Beasts.
You worshipped Kikubaaqudgha.
Kikubaaqudgha was greatly pleased with you.
You visited 3 branches of the dungeon, and saw 15 of its levels.

You collected 786 gold pieces.
You spent 520 gold pieces at shops.

Inventory:

Jewellery
 c - an amulet of regeneration (around neck)
 q - a +4 ring of protection
 r - an amulet of reflection
 t - a ring of poison resistance (left paw)
 z - a +5 ring of evasion (right paw)
Wands
 a - a wand of charming (21)
 C - a wand of digging (7)
 D - a wand of flame (24)
 F - a wand of mindburst (9)
 H - a wand of acid (5)
Scrolls
 e - 2 scrolls of vulnerability {unknown}
 j - 2 scrolls of amnesia
 l - 7 scrolls of teleportation
 n - 3 scrolls of fog
 o - 4 scrolls of immolation
 s - 2 scrolls of revelation {unknown}
 v - 3 scrolls of fear
 w - 4 scrolls of blinking {unknown}
 x - a scroll of silence
 y - a scroll of poison {unknown}
 G - a scroll of torment
Potions
 b - 5 potions of might
 d - 6 potions of brilliance
 f - 4 potions of mutation
 g - 2 potions of degeneration {unknown}
 h - 4 potions of enlightenment {unknown}
 k - 2 potions of resistance
 m - a potion of ambrosia
 p - 2 potions of haste
 u - 3 potions of lignification {unknown}
 A - 5 potions of invisibility {unknown}
 E - 2 potions of attraction {unknown}
Miscellaneous
 B - a tin of tremorstones (2/2)


   Skills:
 + Level 6.4 Fighting
 + Level 9.1 Dodging
 + Level 9.7 Stealth
 + Level 9.9 Spellcasting
 - Level 11.0 Summonings
 * Level 9.4 Necromancy
 - Level 5.0 Translocations
 - Level 5.0 Fire Magic
 - Level 5.0 Air Magic
 - Level 5.0 Evocations


You had 3 spell levels left.
You knew the following spells:

 Your Spells              Type           Power      Damage    Failure   Level
a - Summon Small Mammal   Summ           100%       N/A       1%          1
b - Call Canine Familiar  Summ           58%        N/A       1%          3
c - Summon Blazeheart Go  Fire/Summ      48%        N/A       2%          4
d - Summon Lightning Spi  Summ/Air       48%        N/A       2%          4
e - Blink                 Tloc           68%        N/A       1%          2
f - Animate Dead          Necr           53%        N/A       1%          4
g - Death Channel         Necr           26%        N/A       19%         6
h - Anguish               Hex/Necr       16%        N/A       9%          4

Your spell library contained the following spells:

 Spells                   Type           Power      Damage    Failure   Level
 Apportation              Tloc           68%        N/A       1%          1
 Necrotise                Necr           100%       1d9       1%          1
 Shock                    Conj/Air       88%        1d8       1%          1
 Call Imp                 Summ           100%       N/A       1%          2
 Cigotuvi's Dreadful Rot  Necr/Alch/Air  66%        N/A       1%          2
 Fugue of the Fallen      Necr           53%        N/A       1%          3
 Vampiric Draining        Necr           53%        2d9       1%          3
 Swiftness                Air            34%        N/A       2%          3
 Magic Dart               Conj           44%        1d5       6%          1
 Slow                     Hex            44%        N/A       6%          1
 Jinxbite                 Hex            22%        N/A       9%          2
 Confusing Touch          Hex            11%        N/A       17%         3
 Ozocubu's Armour         Ice            11%        N/A       17%         3
 Sigil of Binding         Hex            11%        N/A       17%         3
 Dispel Undead            Necr           53%        3d19      1%          4
 Curse of Agony           Necr           53%        N/A       3%          5
 Airstrike                Air            17%        2d(3-19)  8%          4
 Manifold Assault         Tloc           34%        N/A       8%          4
 Vhi's Electric Charge    Tloc/Air       68%        N/A       8%          4
 Summon Mana Viper        Hex/Summ       36%        N/A       17%         5
 Brom's Barrelling Bould  Conj/Erth      11%        2d3       50%         4
 Cause Fear               Hex            5%         N/A       50%         4
 Arcjolt                  Conj/Air       11%        1d21      50%         5
 Silence                  Hex/Air        11%        N/A       50%         5
 Haunt                    Necr/Summ      27%        N/A       58%         7
 Alistair's Intoxication  Alch           7%         N/A       85%         5
 Discord                  Hex            5%         N/A       100%        8
 Maxwell's Capacitive Co  Air            17%        ∞         100%        8


Dungeon Overview and Level Annotations

Branches:
Dungeon (10/15)            Temple (1/1) D:5            Lair (4/5) D:9
 Spider (0/4) Lair:2        Slime (0/5) Lair:4
  Swamp: Lair:2-3    Shoals: Lair:2-3       Orc: D:9-12

Altars:
Ashenzari
Cheibriados
Dithmenos
Elyvilon
Fedhas
Gozag
Hepliaklqana
Kikubaaqudgha
Makhleb
Nemelex Xobeh
Okawaru
Qazlal
Ru
Sif Muna
Trog
Uskayaw
Vehumet
Wu Jian
Xom
Yredelemnul
Zin
The Shining One

Shops:
D:6 ?

Annotations:
Lair:1 2 transporters
Lair:3 2 transporters, Plog's ghost, journeyman MiFi


Innate Abilities, Weirdness & Mutations

You have sharp claws.
You have razor-sharp teeth.
You have supernaturally acute eyesight. (SInv)
Your thick and shaggy fur keeps you warm. (AC +3, rC+)
Your paws help you pounce on unaware monsters.
You are incapable of wielding weapons or throwing items.
You cannot wear armour.
You gain extra lives every three experience levels.


Message History

Casting: Summon Lightning Spire (dangerous; 2% risk of failure)
Confirm with . or Enter, or press ? or * to list all spells.
You call for your canine familiar and it appears with a howl!
Your lightning spire shoots out a bolt of lightning at the acid blob!
The bolt of electricity hits the acid blob!
Your blazeheart golem punches the acid blob!!
Your blazeheart golem is burned by acid!
The acid blob spits acid at you. The splash of acid hits you!!
Ouch! That really hurt!
The acid blob spits acid at you. The splash of acid hits you!!
* * * LOW HITPOINT WARNING * * *
The acid corrodes you!
Okay, then.
Okay, then.
Casting: Call Canine Familiar (safe; 1% risk of failure)
Confirm with . or Enter, or press ? or * to list all spells.
A fiery spirit appears, bound in slag iron.
Your blazeheart golem's core grows cold and it stops moving.
Your blazeheart golem disappears in a puff of smoke!
Your lightning spire shoots out a bolt of lightning at the acid blob!
The bolt of electricity hits the acid blob.
Casting: Summon Blazeheart Golem (dangerous; 2% risk of failure)
Confirm with . or Enter, or press ? or * to list all spells.
Okay, then.
Casting: Summon Blazeheart Golem (dangerous; 2% risk of failure)
Confirm with . or Enter, or press ? or * to list all spells.
Okay, then.
Casting: Summon Blazeheart Golem (dangerous; 2% risk of failure)
Confirm with . or Enter, or press ? or * to list all spells.
Okay, then.
Casting: Summon Blazeheart Golem (dangerous; 2% risk of failure)
Confirm with . or Enter, or press ? or * to list all spells.
You blink.
The acid blob spits acid at you. The splash of acid hits you!!
Ouch! That really hurt!
You die...
Kikubaaqudgha rasps: "You have failed me!
Welcome... death!"

....# #..#####..##..#########..#
...## #..## #....#...8.J#...#.##
...## ##...# ##..##h.†.9J'..>#.#
...P###...## #..#...##..#...#.#
....##....# ###...#..#########.#
..........###....#....#.#P.....#
..........#..##...#............#
...............................#
.......................#.#.....#
P.................P..#.##......##
..........<.....@#...####.(....#.
.................#...## #......^#
#.............J..##...####.....##
...........>.8.9..#..###.......#
.............h§................#
.......[.......................#
#.#.###.###.#....#....####.#####
##### ### #######.##### #..# ###
####


You could see an acid blob (ally target), a friendly lightning spire (summoned),
a friendly blazeheart golem (summoned) and a friendly inugami (summoned).

Vanquished Creatures
  Gastronok (D:8)
  A hydra (Lair:3)
  A two-headed ogre (D:8)
  2 skysharks
  A deep elf pyromancer (D:7)
  2 ugly things (D:7)
  Maurice (D:8)
  An elephant (Lair:4)
  2 cane toads
  A kobold demonologist (D:6)
  8 komodo dragons
  A polar bear (Lair:3)
  2 trolls (D:10)
  A culicivora (Lair:2)
  A wraith (D:9)
  A slime creature (D:7)
  A wyvern (D:4)
  8 yaks
  Grum (D:8)
  A basilisk (Lair:3)
  2 vampire mosquitoes (D:7)
  A steam dragon (D:9)
  An acid dragon (D:6)
  A water moccasin (Lair:2)
  A black bear (D:5)
  A wolf (D:8)
  3 centaurs
  A rime drake zombie (Lair:3)
  A gnoll sergeant (D:9)
  A wight (D:6)
  3 yak zombies
  A killer bee (D:5)
  A howler monkey (D:10)
  2 wolf zombies (Lair:2)
  A jelly (D:5)
  An orc priest (D:4)
  A gnoll (D:9)
  A white imp (D:5)
  An ufetubus (D:7)
  A ribbon worm (D:2)
  3 orcs
  2 bats
  4 goblins
  3 hobgoblins
  A quokka (D:3)
  A frilled lizard (D:3)
  A kobold (D:6)
  2 rats (D:2)
81 creatures vanquished.

Vanquished Creatures (collateral kills)
  Nessos (Lair:4)
  4 death yaks (Lair:4)
  A necromancer (D:9)
  An ugly thing (D:7)
  6 elephants
  4 black mambas
  3 cane toads
  6 komodo dragons
  2 rime drakes
  A burning bush (Lair:3)
  A polar bear (Lair:4)
  4 blink frogs (Lair:2)
  Sigmund (D:3)
  A shadow (D:10)
  4 wyverns
  A culicivora (Lair:2)
  7 yaks
  2 wraiths
  A basilisk (Lair:3)
  A steam dragon (D:8)
  2 vampire mosquitoes (D:7)
  An acid dragon (D:9)
  10 water moccasins
  A black bear (D:8)
  A sky beast (D:7)
  An ogre (D:6)
  9 wolves
  A phantom (D:6)
  2 kobold brigands
  14 bullfrogs
  A scorpion (D:7)
  6 wights
  4 killer bees (D:5)
  A wolf zombie (Lair:4)
  5 howler monkeys
  A bombardier beetle (D:5)
  A hound (D:6)
  3 jellies
  2 orc priests
  5 iguanas
  3 sleepcaps
  4 orc wizards
  6 adders
  19 gnolls
  A shadow imp (D:5)
  A white imp (D:6)
  An ufetubus (D:7)
  2 dart slugs
  21 orcs
  11 ball pythons
  6 endoplasms
  2 giant cockroaches
  4 goblins
  11 hobgoblins
  3 jackals
  3 quokkas
  5 bats
  6 frilled lizards
  8 kobolds
  6 rats
246 creatures vanquished.

Vanquished Creatures (others)
  A black mamba (Lair:4)
  2 black mamba zombies (Lair:3)
  A skyshark zombie (Lair:4)
  A cane toad zombie (Lair:3)
  3 elephant zombies (Lair:4)
  A wolf (Lair:4)
  A water moccasin zombie (Lair:3)
  A polar bear zombie (Lair:3)
  2 yak zombies (Lair:1)
  2 wolf zombies
  A bullfrog zombie (Lair:1)
  A basilisk zombie (Lair:3)
  67 blazeheart cores
84 creatures vanquished.

Grand Total: 411 creatures vanquished

Notes
Turn   | Place    | Note
-------+----------+-------------------------------------------
     0 | D:1      | lynnlei the Felid Summoner began the quest for the Orb.
     0 | D:1      | Reached XP level 1. HP: 9/9 MP: 4/4
   228 | D:1      | Found a faded altar of an unknown god.
   339 | D:1      | Reached XP level 2. HP: 11/13 MP: 4/6
  1165 | D:2      | Found a shimmering blue altar of Sif Muna.
  1232 | D:2      | Reached XP level 3. HP: 16/16 MP: 6/8
  1236 | D:2      | Learned a level 3 spell: Call Canine Familiar
  1997 | D:2      | Reached XP level 4. HP: 21/21 MP: 5/9
  1997 | D:2      | Gained a life (2 lives remaining)
  2016 | D:2      | Learned a level 4 spell: Summon Blazeheart Golem
  2428 | D:3      | Noticed Sigmund
  2446 | D:3      | Killed Sigmund
  2447 | D:3      | Reached skill level 5 in Summonings
  2447 | D:3      | Reached XP level 5. HP: 24/24 MP: 2/11
  2958 | D:3      | Gained mutation: You are covered in thick fur. (AC +2)
                  | [Felid growth]
  2958 | D:3      | Reached XP level 6. HP: 28/28 MP: 9/12
  2967 | D:3      | Learned a level 4 spell: Summon Lightning Spire
  3174 | D:4      | Noticed a wyvern
  3193 | D:4      | Killed a wyvern
  3194 | D:4      | Reached skill level 1 in Air Magic
  3338 | D:4      | Killed by an exploding blazeheart core
  3338 | D:4      | Lost a life (1 life remaining)
  3357 | D:4      | Reached XP level 7. HP: 32/32 MP: 11/14
  3357 | D:4      | Gained a life (2 lives remaining)
  4080 | D:5      | Entered Level 5 of the Dungeon
  4090 | D:5      | Reached skill level 6 in Summonings
  4423 | D:5      | Reached XP level 8. HP: 34/36 MP: 8/16
  4428 | D:5      | Reached skill level 5 in Fire Magic
  4508 | D:5      | Found a sacrificial altar of Ru.
  4519 | D:5      | Learned a level 2 spell: Blink
  5012 | D:5      | Reached skill level 1 in Translocations
  5079 | D:5      | Reached skill level 5 in Spellcasting
  5167 | D:5      | Found a staircase to the Ecumenical Temple.
  5181 | Temple   | Entered the Ecumenical Temple
  5194 | Temple   | Became a worshipper of Kikubaaqudgha
  5241 | D:5      | Found a shimmering altar of Xom.
  5397 | D:6      | Found Enwuare's Magic Scroll Boutique.
  5492 | D:6      | Reached skill level 7 in Summonings
  5770 | D:6      | Noticed a kobold demonologist
  5776 | D:6      | Killed a kobold demonologist
  5777 | D:6      | Reached XP level 9. HP: 39/39 MP: 11/18
  6061 | D:6      | Reached skill level 5 in Translocations
  6940 | D:7      | Found a runed translucent door.
  6943 | D:7      | Found a runed translucent door.
  6965 | D:7      | Reached * piety under Kikubaaqudgha
  6965 | D:7      | Received a gift from Kikubaaqudgha
  6966 | D:7      | Reached skill level 5 in Air Magic
  6971 | D:7      | Learned a level 4 spell: Animate Dead
  6984 | D:7      | Reached skill level 8 in Summonings
  7121 | D:7      | Noticed a white ugly thing
  7131 | D:7      | Reached skill level 1 in Necromancy
  7197 | D:7      | Demolished by a white ugly thing
  7197 | D:7      | Lost a life (1 life remaining)
  7301 | D:7      | Killed a white ugly thing
  7626 | D:7      | Noticed a cyan ugly thing
  7626 | D:7      | Noticed a komodo dragon
  7626 | D:7      | Noticed a deep elf pyromancer
  7641 | D:7      | Killed a cyan ugly thing
  7642 | D:7      | Reached XP level 10. HP: 44/44 MP: 14/22
  7642 | D:7      | Gained a life (2 lives remaining)
  7646 | D:7      | Noticed a green ugly thing
  7671 | D:7      | Killed a green ugly thing
  7672 | D:7      | Reached skill level 9 in Summonings
  7688 | D:7      | Killed a deep elf pyromancer
  7761 | D:7      | Identified the staff of Wiqes {+Blink rPois rF+ Fire}
  7763 | D:7      | Got the Incunable of Atmospheric Oromancy
  7765 | D:7      | Identified the +1 orcbow "Loal" {drain, Int+3}
  8072 | D:8      | Noticed Maurice
  8092 | D:8      | Maurice stole an amulet of reflection
  8100 | D:8      | Maurice stole a tin of tremorstones (2/2)
  8113 | D:8      | Maurice stole 397 gold
  8133 | D:8      | Killed Maurice
  8134 | D:8      | Reached skill level 1 in Fighting
  8276 | D:8      | Noticed Gastronok
  8295 | D:8      | Killed Gastronok
  8366 | D:8      | Noticed a two-headed ogre
  8374 | D:8      | Killed a two-headed ogre
  8375 | D:8      | Reached skill level 5 in Necromancy
  8716 | D:8      | Noticed Grum
  8731 | D:8      | Reached skill level 5 in Stealth
  8736 | D:8      | Killed Grum
  8736 | D:8      | Reached ** piety under Kikubaaqudgha
  8737 | D:8      | Reached XP level 11. HP: 51/51 MP: 22/24
  9070 | D:9      | Reached skill level 5 in Dodging
  9089 | D:9      | Noticed a necromancer
  9102 | D:9      | Killed a necromancer
  9103 | D:9      | Reached skill level 1 in Evocations
  9155 | D:9      | Identified a scroll of acquirement
  9158 | D:9      | Acquired Miuhur's Atlas of Postmortem Enchantment
  9626 | D:9      | Found a staircase to the Lair.
  9781 | D:10     | Entered Level 10 of the Dungeon
  9821 | D:10     | Reached skill level 10 in Summonings
 10215 | D:10     | Reached *** piety under Kikubaaqudgha
 10215 | D:10     | Received a gift from Kikubaaqudgha
 10248 | D:10     | Learned a level 6 spell: Death Channel
 10353 | D:6      | Bought a scroll of acquirement for 520 gold pieces
 10353 | D:6      | Acquired 922 gold pieces
 10424 | D:10     | Found a shimmering blue altar of Sif Muna.
 10826 | Lair:1   | Entered Level 1 of the Lair of Beasts
 11207 | Lair:1   | Found a transporter.
 11506 | Lair:1   | Gained mutation: Your thick and shaggy fur keeps you warm.
                  | (AC +3, rC+) [Felid growth]
 11506 | Lair:1   | Reached XP level 12. HP: 54/58 MP: 17/26
 11726 | Lair:1   | Found a transporter.
 12169 | Lair:2   | Found a hole to the Spider Nest.
 12421 | Lair:2   | Reached **** piety under Kikubaaqudgha
 12434 | Lair:2   | Reached skill level 5 in Fighting
 13271 | Lair:3   | HP: 2/60 [cane toad (17)]
 13563 | Lair:3   | Found a transporter.
 13567 | Lair:3   | Found a transporter.
 13567 | Lair:3   | Noticed Plog's ghost (journeyman MiFi)
 13842 | Lair:3   | Reached skill level 5 in Evocations
 13854 | Lair:3   | Noticed an eight-headed hydra
 13862 | Lair:3   | Killed an eight-headed hydra
 13912 | Lair:3   | You fall into a shaft and drop 1 floor!
 13931 | Lair:4   | Reached skill level 11 in Summonings
 13953 | Lair:4   | Noticed a death yak
 13958 | Lair:4   | Noticed a death yak
 13966 | Lair:4   | Noticed a death yak
 13967 | Lair:4   | Noticed a death yak
 14135 | Lair:4   | Killed a death yak
 14142 | Lair:4   | Killed a death yak
 14142 | Lair:4   | Killed a death yak
 14143 | Lair:4   | Killed a death yak
 14151 | Lair:4   | Reached XP level 13. HP: 65/65 MP: 9/27
 14161 | Lair:4   | Learned a level 4 spell: Anguish
 14490 | Lair:4   | Noticed Nessos
 14498 | Lair:4   | Shot with an arrow by Nessos
 14498 | Lair:4   | Lost a life (1 life remaining)
 14498 | Lair:4   | Killed Nessos
 14920 | Lair:4   | Found a runed translucent door.
 14922 | Lair:4   | Noticed an acid blob
 14923 | Lair:4   | Found a staircase to the Slime Pits.
 14923 | Lair:4   | Noticed an acid blob
 14935 | Lair:4   | Killed from afar by an acid blob
 14935 | Lair:4   | Lost a life (0 lives remaining)
 15008 | Lair:4   | Killed from afar by an acid blob

Illustrated notes

Levels and vault maps discovered:
D:1:      dpeg_arrival_brainrot, layout_loops_ring,
          hellmonk_ecumenical_altar_heavens_door
D:2:      layout_basic, basic_altar, nrook_mini_vaults
D:3:      layout_loops_ring, grunt_decor_one_mirror, uniq_sigmund
D:4:      layout_rooms
D:5:      layout_basic, regret_index_xom_buried_treasure,
          nicolae_overflow_crystal_walls, minmay_temple_entry_glassed_door,
          nrook_campfire, mrwooster_statue_mirror
D:6:      layout_basic, serial_shops, shop, serial_curves, eino_curves_04,
          eino_curves_02
D:7:      minmay_the_grid_triangle_9x9_rhombus_full
          [minmay_the_grid_triangle_9x9_minimal,
          minmay_the_grid_triangle_9x9_stretched_checkered,
          minmay_the_grid_triangle_9x9_tough_junction,
          minmay_the_grid_triangle_9x9_warning,
          minmay_the_grid_triangle_9x9_shrine,
          minmay_the_grid_triangle_9x9_wacky_v,
          minmay_the_grid_triangle_9x9_dagger,
          minmay_the_grid_triangle_9x9_prize_center], layout_basic
D:8:      layout_rooms, uniq_grum, uniq_gastronok, uniq_maurice
D:9:      layout_loops_ring, lair_entry_dummy, minmay_librarian
D:10:     layout_basic, mainiacjoe_overflow_alcove_1, serial_aquarium,
          aquarium_bridge_straight [aquarium_subvault_bridge,
          aquarium_subvault_wall, aquarium_subvault_bridge,
          aquarium_subvault_wall], aquarium_window_1, aquarium_window_fake,
          aquarium_window_1, aquarium_view_2c, aquarium_balcony_double_4
Temple:   compressed_dpeg_triangle_lava_temple
Lair:1:   gammafunk_cloud_chamber, layout_small_grid, beast_lair_carwin_1
Lair:2:   layout_regular_city, hellmonk_spider_entry_life_and_decay,
          grunt_megastairs_1
Lair:3:   layout_chaotic_city, elwin_shoals_entry_rooms, enter_volcano_1,
          gammafunk_ghost_hive, evilmike_ambush [evilmike_ambush_outer_basic,
          evilmike_ambush_inner_wall_2]
Lair:4:   layout_long_grid, slime_entry_2, uniq_nessos

Skill      XL: |  1  2  3  4  5  6  7  8  9 10 11 12 13 |
---------------+----------------------------------------+-----
Spellcasting   | 3 4 5 7 8 9 |  9.9
Summonings     | 5 6 7 8 9 10 11 | 11.0
Fire Magic     | 2 3 4 5 |  5.0
Air Magic      | 1 2 4 5 |  5.0
Translocations | 4 5 |  5.0
Necromancy     | 3 5 6 8 9 |  9.4
Stealth        | 5 7 9 |  9.7
Fighting       | 2 4 6 |  6.4
Dodging        | 4 6 8 9 |  9.1
Evocations     | 3 5 |  5.0

Action                     |  1- 3 |  4- 6 |  7- 9 | 10-12 | 13-15 || total
---------------------------+-------+-------+-------+-------+-------++-------
  Melee: Unarmed           |    35 |    16 |    17 |    36 |       ||   104
         Bite              |     4 |     4 |     3 |     4 |       ||    15
         Punch             |       |     1 |       |     1 |       ||     2
   Cast: Summon Small Mamm |    57 |    11 |     9 |     5 |       ||    82
         Call Canine Famil |     2 |    14 |    35 |    27 |     2 ||    80
         Summon Blazeheart |       |     3 |    31 |    80 |    10 ||   124
         Summon Lightning  |       |       |     6 |    40 |     6 ||    52
         Animate Dead      |       |       |       |    13 |     2 ||    15
         Blink             |       |       |       |     2 |     1 ||     3
         Anguish           |       |       |       |       |     5 ||     5
         Death Channel     |       |       |       |       |     2 ||     2
    Use: Scroll            |     1 |       |     7 |    12 |       ||    20
         Potion            |       |       |     2 |    10 |       ||    12
   Stab: Sleeping          |     3 |     1 |       |       |       ||     4
         Distracted        |     1 |       |       |     1 |       ||     2
         Betrayed ally     |       |       |     1 |       |       ||     1
 Armour: Skin              |    33 |    19 |    39 |    96 |    12 ||   199
  Dodge: Dodged            |    69 |    37 |    71 |   258 |    11 ||   446
